 Dungeon Crawl Stone Soup version 0.19-a0-1035-gdbfb0c6 (webtiles) character file.

87 HAL9000 the Sneak (level 4, -5/23 HPs)
             Began as a Vine Stalker Enchanter on July 29, 2016.
             Slain by a gnoll sergeant
             ... wielding a +4 antimagic spear
              (10 damage)
             ... on level 3 of the Dungeon.
             The game lasted 00:05:03 (1999 turns).

HAL9000 the Sneak (Vine Stalker Enchanter)          Turns: 1999, Time: 00:05:04

Health: -5/23      AC:  6    Str: 11    XL:     4   Next: 51%
Magic:  0/8        EV: 12    Int: 15    God:
Gold:   78         SH:  0    Dex: 15    Spells: 3 memorised, 1 level left

rFire  . . .     SeeInvis .     a - +1 dagger
rCold  . . .     Gourm    .     b - +1 robe
rNeg   . . .     Faith    .     (no shield)
rPois  .         Spirit   +     (no helmet)
rElec  .         Dismiss  .     l - +2 cloak
rCorr  .         Reflect  .     (no gloves)
SustAt .         Harm     .     (no boots)
MR     .....                    (no amulet)
Stlth  ++........               (no ring)
                                (no ring)

@: about to teleport, not resistant to hostile enchantments, unstealthy
A: fangs 2, regeneration 1, magic shield, antimagic bite, no device heal 3, rot
immunity
a: no special abilities


You were on level 3 of the Dungeon.
You were hungry.

You visited 1 branch of the dungeon, and saw 3 of its levels.

You collected 78 gold pieces.

Inventory:

Hand Weapons
 a - a +1 dagger (weapon)
Armour
 b - a +1 robe (worn)
 l - a +2 cloak (worn)
Jewellery
 h - an uncursed amulet of magic regeneration {unknown}
Scrolls
 e - a scroll of remove curse
 j - a scroll of enchant armour
 t - a scroll of enchant weapon {unknown}
 u - a scroll of noise {unknown}
 w - a scroll of magic mapping {unknown}
Potions
 f - 3 potions of mutation {unknown}
 i - a potion of lignification {unknown}
 k - 2 potions of haste {unknown}
 m - a potion of agility {unknown}
 v - a potion of might {unknown}
Books
 c - a book of Maledictions

   Spells                             Type                      Level
   a - Corona                         Hexes                        1
   b - Ensorcelled Hibernation        Hexes/Ice                    2
   c - Confuse                        Hexes                        3
   d - Tukima's Dance                 Hexes                        3
   e - Dazzling Spray                 Conjuration/Hexes            3
Comestibles
 d - 4 bread rations
 g - a slice of pizza
 n - 4 fruits
 r - 2 meat rations


   Skills:
 + Level 2.2 Fighting
 * Level 2.6 Short Blades
 - Level 1.5 Dodging
 - Level 3.6 Stealth
 - Level 2.1 Spellcasting
 + Level 3.1 Hexes


You had one spell level left.
You knew the following spells:

 Your Spells              Type           Power        Failure   Level  Hunger
a - Corona                Hex            ##.....      8%          1    #......
x - Confuse               Hex            ##......     21%         3    ###....
z - Ensorcelled Hibernat  Hex/Ice        #.....       17%         2    ###....


Dungeon Overview and Level Annotations

Branches:
Dungeon (3/15)

Altars:
The Shining One


Innate Abilities, Weirdness & Mutations

You have extremely sharp teeth.
Your natural rate of healing is unusually fast.
When hurt, damage is shared between your health and your magic reserves.
Your bite disrupts and absorbs the magic of your enemies.
Potions and wands cannot restore your health.
You are immune to rotting.


Message History

As you read the scroll labeled TIOWKU ZOEGOONG, it crumbles to dust.
You feel blessed for a moment.
It was a scroll of remove curse.
The gnoll closely misses you. The gnoll hits you with a halberd!
As you read the scroll labeled FAXOBBOGGA, it crumbles to dust.
It is a scroll of enchant armour.
Your +1 cloak glows green for a moment.
The gnoll barely misses you.
The gnoll sergeant hits you from afar with an antimagic spear.
* * * LOW HITPOINT WARNING * * *
You feel your power leaking away. The gnoll hits you but does no damage.
As you read the scroll labeled UNWAKL SAEWK, it crumbles to dust.
You feel strangely unstable.
It was a scroll of teleportation.
The gnoll barely misses you.
The gnoll sergeant hits you from afar with an antimagic spear.
* * * LOW HITPOINT WARNING * * *
The gnoll barely misses you. The gnoll misses you.
As you read the scroll labeled GITSENUDUO, it crumbles to dust.
The scroll dissolves into smoke.
It was a scroll of fog.
The gnoll sergeant hits you from afar with an antimagic spear!
You die...

##.########.#### #.# #......#
#.###.##..†## #.##........#
#...........#######
####...............
#####.gg§.###### ###g### ########
#@# #......## .....## #g#
#.#...... # g....# ##g##
#.#.#..#. ##.#..#.# #gg.#
#.#....#. ##.. ..#.# #.g.#
#.#.#.... .....#.#.# #...#
###.#.#.##.
#....#.#.######...#####..........
#........##......g....#.....###.#
#...>....gg.........#.......# #..


You could see a gnoll sergeant and 4 gnolls.

Vanquished Creatures
  A gnoll (D:3)
  2 adders (D:2)
  A worm (D:3)
  A giant gecko (D:2)
  2 ball pythons
  3 giant cockroaches
  A goblin (D:3)
  7 hobgoblins
  10 jackals
  4 quokkas
  9 bats
  2 giant newts
  5 kobolds
  5 rats
53 creatures vanquished.

Notes
Turn   | Place    | Note
-------+----------+-------------------------------------------
     0 | D:1      | HAL9000 the Vine Stalker Enchanter began the quest for the Orb.
     0 | D:1      | Reached XP level 1. HP: 9/9 MP: 4/4
   157 | D:1      | Reached skill level 1 in Short Blades
   274 | D:1      | Reached skill level 1 in Fighting
   341 | D:1      | Reached XP level 2. HP: 14/14 MP: 6/6
   742 | D:2      | Reached XP level 3. HP: 14/18 MP: 4/7
   746 | D:2      | Learned a level 2 spell: Ensorcelled Hibernation
  1093 | D:2      | Found a glowing golden altar of the Shining One.
  1423 | D:3      | Reached XP level 4. HP: 16/23 MP: 8/8
  1444 | D:3      | Learned a level 3 spell: Confuse
  1861 | D:3      | Found a faded altar of an unknown god.
  1910 | D:3      | Noticed a gnoll sergeant
  1999 | D:3      | Slain by a gnoll sergeant

Vault maps used:
D:1:      ncdulo_smallfort
D:2:      nicolae_tso_carved_into_rock
D:3:      ecumenical_altar_1, uniq_natasha

Skill      XL: |  1  2  3  4 |
---------------+-------------+-----
Short Blades   | 1 2 |  2.6
Fighting       | 1 2 |  2.2
Dodging        | |  1.5
Stealth        | |  3.6
Spellcasting   | |  2.1
Hexes          | |  3.1

Action                   |  1- 3 |  4- 6 || total
-------------------------+-------+-------++-------
Melee: Dagger            |   154 |    70 ||   224
       Bite              |    30 |    18 ||    48
 Cast: Corona            |     1 |       ||     1
       Ensorcelled Hiber |       |     1 ||     1
  Use: Scroll            |       |     4 ||     4
 Stab: Sleeping          |     8 |     2 ||    10
  Eat: Chunk             |     1 |     2 ||     3
Armor: Robe              |    60 |    19 ||    79
Dodge: Dodged            |   119 |    50 ||   169
